 Dungeon Crawl Stone Soup version 0.21-a0-525-ga34b322 (webtiles) character file.

501 dracos369 the Conjurer (level 6, -5/49 HPs)
             Began as a Deep Elf Conjurer on Nov 23, 2017.
             Was an Initiate of Gozag.
             Slain by a scorpion (8 damage)
             ... on level 4 of the Dungeon on Dec 7, 2017.
             The game lasted 00:16:32 (3459 turns).

dracos369 the Conjurer (Deep Elf Conjurer)          Turns: 3459, Time: 00:16:33

Health: -5/49      AC:  2    Str:  8 (10) XL:     6   Next: 95%
Magic:  16/16      EV: 13    Int: 19 (22) God:    Gozag
Gold:   225        SH:  0    Dex: 14 (15) Spells: 2/16 levels left

rFire    + . .     SeeInvis +   g - +6 glaive (venom)
rCold    . . .     Gourm    .   (shield currently unavailable)
rNeg     . . .     Faith    .   a - +0 robe
rPois    .         Spirit   .   (no helmet)
rElec    .         Reflect  .   (no cloak)
rCorr    .         Harm     .   (no gloves)
MR       .....                  (no boots)
Stlth    ..........             j - amulet of magic regeneration
HPRegen  0.16/turn              i - ring of see invisible
MPRegen  0.40/turn              n - ring of protection from fire

@: berserking, lethally poisoned (-5 -> -34), very quick
A: no striking features
a: Potion Petition, Call Merchant, Bribe Branch, Renounce Religion


You were on level 4 of the Dungeon.
You worshipped Gozag.
Gozag was aware of your devotion.
You were not hungry.

You visited 1 branch of the dungeon, and saw 4 of its levels.

You collected 267 gold pieces.
You paid 42 gold pieces to Gozag.

Inventory:

Hand Weapons
 f - a +0 whip
 g - a +6 glaive of venom (weapon)
Armour
 a - a +0 robe (worn)
Jewellery
 i - a ring of see invisible (left hand)
 j - an amulet of magic regeneration (around neck)
 l - an uncursed ring of fire
 n - a ring of protection from fire (right hand)
Scrolls
 d - 2 scrolls of teleportation {unknown}
 e - a scroll of enchant weapon {unknown}
 k - a scroll of blinking {unknown}
 m - a scroll of magic mapping {unknown}
 o - a scroll of identify {unknown}
 q - 2 scrolls of remove curse {unknown}
Potions
 h - a potion of degeneration
 p - 2 potions of ambrosia {unknown}
 r - a potion of curing {unknown}
 s - a potion of invisibility {unknown}
 t - a potion of magic {unknown}
 u - a potion of berserk rage {unknown}
Books
 b - a book of Conjurations

   Spells                             Type                      Level
   a - Magic Dart                     Conjuration                  1
   b - Searing Ray                    Conjuration                  2
   c - Dazzling Spray                 Conjuration/Hexes            3
   d - Fulminant Prism                Conjuration/Hexes            4
   e - Force Lance                    Conjuration/Translocation    4
   f - Iskenderun's Mystic Blast      Conjuration                  4
Comestibles
 c - 4 bread rations
 v - 5 fruits


   Skills:
 - Level 0.5 Fighting
 - Level 2.4 Dodging
 - Level 2.4 Stealth
 + Level 5.8 Spellcasting
 + Level 7.8 Conjurations
 - Level 2.0 Hexes


You had 2 spell levels left.
You knew the following spells:

 Your Spells              Type           Power        Failure   Level  Hunger
a - Magic Dart            Conj           ####         1%          1    None
b - Iskenderun's Mystic   Conj           #####...     4%          4    ####...
p - Fulminant Prism       Conj/Hex       ###.......   16%         4    ####...
r - Searing Ray           Conj           #####.       1%          2    None
z - Dazzling Spray        Conj/Hex       ###...       4%          3    ##.....


Dungeon Overview and Level Annotations

Branches:
Dungeon (4/15)
 Temple: D:4-7

Altars:
Gozag
Okawaru
Trog

Annotations:
D:3 Typee's ghost, amateur OpIE
D:4 Dowan; Duvessa


Message History

The scorpion stings you but does no damage.
Dowan casts a spell at you. The puff of frost hits you!
An orc wizard comes into view. It is wielding a dagger of venom.
You slash Dowan!
Dowan is poisoned.
Dowan is heavily wounded.
You feel sick.
Duvessa hits you with a short sword of venom!
You are lethally poisoned!
The scorpion stings you. Dowan hits you but does no damage.
Duvessa hits you with a short sword of venom.
* * * LOW HITPOINT WARNING * * *
You barely miss Duvessa.
* * * LOW HITPOINT WARNING * * *
You feel very sick.
Duvessa hits you with a short sword of venom!
* * * LOW HITPOINT WARNING * * *
The scorpion stings you!
You die...
Your body crumbles into a pile of gold.

###.#... .. ....#.. .[
...... .##?... ####
..#... ...# #.#Zs ##.#
#.#e#
##.###########.#@######
................es......
##.###########.#o.......
##.# #.#........ ...#
#.+........ ##^#
###........ #.#
#..o..... #.# #.o.....<
#.# .......


You could see Duvessa, Dowan, 2 scorpions, an orc priest, an orc wizard, an orc
and a bullfrog skeleton.

Vanquished Creatures
  An ogre (D:4)
  Blork the orc (D:4)
  2 orc wizards
  A hound (D:4)
  Jessica (D:3)
  An iguana (D:4)
  2 hound skeletons (D:4)
  10 adders
  2 oozes
  A worm (D:2)
  3 dart slugs
  3 leopard geckos
  13 orcs
  4 bats
  A giant cockroach (D:1)
  5 goblins
  6 hobgoblins
  6 jackals
  6 kobolds (D:1)
  5 frilled lizards
  5 rats
79 creatures vanquished.

Notes
Turn   | Place    | Note
-------+----------+-------------------------------------------
     0 | D:1      | dracos369 the Deep Elf Conjurer began the quest for the Orb.
     0 | D:1      | Reached XP level 1. HP: 10/10 MP: 6/6
   242 | D:1      | Reached XP level 2. HP: 15/15 MP: 4/8
   248 | D:1      | Reached skill level 5 in Conjurations
   581 | D:1      | Upgraded the game from 0.21-a0-496-g696f58f to 0.21-a0-525-ga34b322
   584 | D:1      | Learned a level 2 spell: Searing Ray
   656 | D:1      | Reached XP level 3. HP: 19/19 MP: 5/9
   661 | D:1      | You fall through a shaft!
   667 | D:3      | Found a bloodstained altar of Trog.
   686 | D:3      | Noticed Jessica
  1507 | D:2      | Reached skill level 6 in Conjurations
  1519 | D:2      | Learned a level 3 spell: Dazzling Spray
  1900 | D:2      | Found an iron altar of Okawaru.
  1904 | D:2      | Reached XP level 4. HP: 19/24 MP: 8/10
  1962 | D:2      | Reached skill level 1 in Hexes
  2506 | D:3      | Reached XP level 5. HP: 24/28 MP: 1/12
  2516 | D:3      | Learned a level 4 spell: Iskenderun's Mystic Blast
  2579 | D:3      | Noticed Typee's ghost (amateur OpIE)
  2603 | D:3      | Killed Jessica
  2718 | D:4      | Found an opulent altar of Gozag.
  2729 | D:4      | Became a worshipper of Gozag Ym Sagoz the Greedy
  2812 | D:4      | Reached skill level 7 in Conjurations
  3039 | D:4      | Reached XP level 6. HP: 33/33 MP: 9/14
  3045 | D:4      | Learned a level 4 spell: Fulminant Prism
  3107 | D:4      | Noticed Blork the orc
  3114 | D:4      | Reached skill level 5 in Spellcasting
  3120 | D:4      | Killed Blork the orc
  3450 | D:4      | Noticed Duvessa
  3450 | D:4      | Noticed Dowan
  3459 | D:4      | Slain by a scorpion

Vault maps used:
D:1:      mrwooster_arrival_statue, minivault_4, minmay_ruptured
D:2:      okawaru_trees_2
D:3:      old_standard_altar, uniq_jessica
D:4:      grunt_gozag_statues, first_bread, uniq_duvessa, uniq_blork_the_orc

Skill      XL: |  1  2  3  4  5  6 |
---------------+-------------------+-----
Conjurations   | 5 6 7 |  7.8
Hexes          | 1 2 |  2.0
Spellcasting   | 4 5 |  5.8
Fighting       | |  0.5
Dodging        | |  2.4
Stealth        | |  2.4

Action                   |  1- 3 |  4- 6 || total
-------------------------+-------+-------++-------
Melee: Whip              |    22 |    21 ||    43
       Glaive            |       |     6 ||     6
 Cast: Magic Dart        |    42 |    35 ||    77
       Searing Ray       |    10 |    20 ||    30
       Dazzling Spray    |     3 |     4 ||     7
Invok: Potion Petition   |       |     1 ||     1
  Use: Potion            |       |     1 ||     1
 Stab: Sleeping          |     3 |       ||     3
       Invisible         |       |     1 ||     1
  Eat: Chunk             |     3 |     4 ||     7
       Royal jelly       |       |     1 ||     1
Armor: Robe              |     7 |     7 ||    14
Dodge: Dodged            |    27 |    30 ||    57

Table legend:
 A = Spawn XP
 B = Non-spawn XP
 C = Spawn XP percentage of total XP
 D = Spawn monster count
 E = Non-spawn monster count
 F = Spawn count percentage of total count
 G = Total turns spent on level
                    A         B        C        D         E        F      G
               +---------+---------+-------+---------+---------+-------+---------
         Total |       0 |     716 |   0.0 |       0 |      79 |   0.0 |  3459
               +---------+---------+-------+---------+---------+-------+---------
           D:1 |       0 |      50 |   0.0 |       0 |      25 |   0.0 |  1258
           D:2 |       0 |     114 |   0.0 |       0 |      21 |   0.0 |  1196
           D:3 |       0 |     144 |   0.0 |       0 |      14 |   0.0 |   250
           D:4 |       0 |     408 |   0.0 |       0 |      19 |   0.0 |   755
               +---------+---------+-------+---------+---------+-------+---------
